[Event "5"]
[Site "Emanuel Lasker Arena"]
[Date "2024.04.09"]
[Round "2"]
[White "CarlsenVomFach"]
[Black "Klaus Junge"]
[Result "1-0"]
[WhiteElo "2230"]
[BlackElo "1620"]
[Annotator "RC"]
[PlyCount "97"]
[EventDate "2024.04.09"]
[EventType "swiss (blitz)"]
[TimeControl "60"]

1. e4 c5 2. Nf3 d6 3. d4 cxd4 4. Nxd4 Nf6 5. Nc3 a6 6. Be3 e6 7. f3 h5 8. a4 Nc6 9. Bf2 d5 10. exd5 exd5 11. Bd3 Bc5 12. Qe2+ Kf8 13. Ne6+ Bxe6 14. Bxc5+ Ke8 15. O-O-O Qa5 16. Qf2 Nb4 17. Rhe1 Rc8 18. Bd6 Kd7 19. Be5 Qc5 20. Qxc5 Rxc5 21. Ne2 Rhc8 22. Nd4 Nxd3+ 23. Rxd3 h4 24. Rb3 b6 25. Rxb6 h3 26. gxh3 a5 27. b3 Rc3 28. Kb2 Ke8 29. Ra6 Kd7 30. Rxa5 R8c5 31. Rxc5 Rxc5 32. h4 Bh3 33. Rg1 Nh5 34. Ka3 f6 35. Bb8 Rc8 36. Ba7 Ra8 37. Bc5 Rc8 38. b4 f5 39. Rg5 g6 40. Rxg6 Nf4 41. Rg7+ Kd8 42. a5 Bf1 43. Bd6 Rc3+ 44. Ka4 Nh5 45. Rh7 Nf6 46. Be7+ Kc7 47. Ne6+ Kc8 48. Bxf6 Rxc2 {[%emt 0:00:00] '} 49. Kb3 {[%emt 0:00:00] (Lag: Av=0.06s, max=0.7s)} 1-0

[Event "5"]
[Site "Emanuel Lasker Arena"]
[Date "2024.04.09"]
[Round "2"]
[White "Josha Matin"]
[Black "Mrs Florrick"]
[Result "1/2-1/2"]
[WhiteElo "2222"]
[BlackElo "1780"]
[Annotator "RC"]
[PlyCount "108"]
[EventDate "2024.04.09"]
[EventType "swiss (blitz)"]
[TimeControl "60"]

1. d4 Nf6 2. c4 g6 3. Nc3 d5 4. cxd5 Nxd5 5. e4 Nxc3 6. bxc3 Bg7 7. Bc4 c5 8. Ne2 Nc6 9. Be3 O-O 10. O-O b6 11. h3 cxd4 12. cxd4 e6 13. f3 Bb7 14. Qd2 Na5 15. Bb5 a6 16. Bg5 f6 17. Nf4 axb5 18. Nxe6 Nc4 19. Qd3 Qd6 20. Nxf8 Bxf8 21. Bd2 Bg7 22. Rf2 f5 23. Bc3 fxe4 24. fxe4 Qd7 25. d5 Rxa2 26. Raxa2 Bxc3 27. Qxc3 Bxd5 28. exd5 Qxd5 29. Qf6 Qd1+ 30. Rf1 Qxf1+ 31. Qxf1 Na5 32. Qc4+ bxc4 33. Rd2 Kf8 34. Rd8+ Kg7 35. Rb8 c3 36. Rc8 Nb3 37. Rc4 h5 38. Kh1 b5 39. Rxc3 Nd2 40. Rc8 Kf6 41. Rb8 Ke6 42. Rxb5 Ke7 43. Kh2 Nc4 44. Kg1 Ke6 45. Rxh5 gxh5 46. g4 hxg4 47. hxg4 Nd6 48. Kf2 Ne4+ 49. Kf3 Nd2+ 50. Ke2 Kf7 51. Kd3 Kg8 52. Kxd2 Kf7 53. g5 Kg6 54. Kd3 Kxg5 {[%emt 0:00:00] (Lag: Av=0.06s, max=0.6s)} 1/2-1/2

[Event "5"]
[Site "Emanuel Lasker Arena"]
[Date "2024.04.09"]
[Round "2"]
[White "Chartwell"]
[Black "Alicia"]
[Result "0-1"]
[WhiteElo "2150"]
[BlackElo "2226"]
[Annotator "RC"]
[PlyCount "90"]
[EventDate "2024.04.09"]
[EventType "swiss (blitz)"]
[TimeControl "60"]

1. d4 f5 2. Nc3 Nf6 3. Bg5 d5 4. Bxf6 exf6 5. e3 c6 6. Bd3 g6 7. Qf3 Be6 8. Nge2 Bd6 9. Nf4 Bf7 10. h4 h5 11. g3 O-O 12. Nce2 Re8 13. O-O Nd7 14. Rfc1 g5 15. Re1 gxf4 16. Nxf4 Bxf4 17. Qxf4 Re4 18. b4 Rxf4 19. exf4 a5 20. b5 Qb6 21. c3 a4 22. Re7 Qd8 23. Rae1 a3 24. Bxf5 Ne5 25. R7xe5 fxe5 26. fxe5 Qe7 27. e6 Kg7 28. b6 Kf6 29. Re5 Bg8 30. f4 Qg7 31. Kh2 Re8 32. e7 Rxe7 33. Bc8 Bh7 34. Bg4 hxg4 35. h5 Kf7 36. Rxe7+ Kxe7 37. f5 Qg5 38. f6+ Qxf6 39. Kg1 Qf3 40. Kh2 Qxc3 41. Kg2 Qe1 42. Kh2 Be4 43. h6 c5 44. h7 cxd4 45. h8=N Qf2# {[%emt 0:00:00] (Lag: Av=0.06s, max=0.5s)} 0-1

[Event "5"]
[Site "Emanuel Lasker Arena"]
[Date "2024.04.09"]
[Round "2"]
[White "AlphaHero"]
[Black "Leuwe"]
[Result "0-1"]
[WhiteElo "2021"]
[BlackElo "2285"]
[Annotator "RC"]
[PlyCount "114"]
[EventDate "2024.04.09"]
[EventType "swiss (blitz)"]
[TimeControl "60"]

1. d4 Nf6 2. c4 e6 3. g3 d5 4. Bg2 Be7 5. Nf3 O-O 6. O-O dxc4 7. Qc2 b5 8. a4 Bb7 9. axb5 a6 10. bxa6 Nxa6 11. Qxc4 Bd5 12. Qc2 c5 13. dxc5 Nxc5 14. Rxa8 Qxa8 15. Bg5 Be4 16. Qc4 Rb8 17. Nc3 Rxb2 18. Nxe4 Ncxe4 19. Ne5 Qa5 20. Bxf6 Nxf6 21. Ng4 h5 22. Qc8+ Qd8 23. Qxd8+ Bxd8 24. Nxf6+ Bxf6 25. e3 h4 26. Rc1 g6 27. Bf3 Kg7 28. Rc4 Be7 29. Rc1 f5 30. e4 Bd8 31. exf5 gxf5 32. Re1 Bb6 33. Re2 Rxe2 34. Bxe2 e5 35. Kg2 Ba7 36. f4 e4 37. g4 Be3 38. Bd1 Kf6 39. Kf1 Bxf4 40. gxf5 Bxh2 41. Bh5 Kxf5 42. Kg2 Bg3 43. Kh3 Kg5 44. Bd1 Be1 45. Be2 Kf4 46. Bh5 Bf2 47. Bd1 Be1 48. Be2 Bf2 49. Ba6 Be1 50. Be2 Bf2 51. Ba6 Kf3 52. Bf1 Be1 53. Ba6 Bf2 54. Bc8 Kf4 55. Be6 Be1 56. Bf7 Bf2 57. Be8 {[%emt 0:00:00] .} Bg3 0-1

[Event "5"]
[Site "Emanuel Lasker Arena"]
[Date "2024.04.09"]
[Round "2"]
[White "Sunset"]
[Black "Brutus"]
[Result "1/2-1/2"]
[WhiteElo "1878"]
[BlackElo "2042"]
[Annotator "RC"]
[PlyCount "99"]
[EventDate "2024.04.09"]
[EventType "swiss (blitz)"]
[TimeControl "60"]

1. Nf3 Nf6 2. g3 d5 3. Bg2 c5 4. c4 e6 5. O-O Nc6 6. d4 Be7 7. cxd5 exd5 8. dxc5 Bxc5 9. a3 Ne4 10. b4 Be7 11. Bb2 O-O 12. Nd4 a5 13. Nd2 Nxd4 14. Bxd4 Re8 15. Qc2 Bf6 16. Qd3 Qd6 17. Qb5 Bd7 18. Qd3 Ba4 19. Rab1 axb4 20. Rxb4 Qc6 21. Rfb1 Bc2 22. Qe3 Bxb1 23. Rxb1 Nxg3 24. Qxg3 Bxd4 25. e3 Qc2 26. exd4 Qxd2 27. Bxd5 Qxd4 28. Bxb7 Rad8 29. Bc6 h5 30. Bxe8 Rxe8 31. h4 Kh7 32. Qg5 Re5 33. Qg3 g6 34. a4 Qe4 35. Rb8 Rf5 36. a5 Rxa5 37. Qb3 Ra1+ 38. Qb1 Rxb1+ 39. Rxb1 Qxb1+ 40. Kg2 Qb4 41. f3 Qg4+ 42. fxg4 hxg4 43. Kg3 f5 44. Kf4 Kh6 45. h5 gxh5 46. Kxf5 g3 47. Kf4 g2 48. Kg3 g1=R+ 49. Kh4 Rg7 {[%emt 0:00:01] '} 50. Kh3 {[%emt 0:00:00] (Lag: Av=0.06s, max=0.7s)} 1/2-1/2

[Event "5"]
[Site "Emanuel Lasker Arena"]
[Date "2024.04.09"]
[Round "2"]
[White "Lord Grantham"]
[Black "Hollis"]
[Result "1-0"]
[WhiteElo "1620"]
[BlackElo "1881"]
[Annotator "NA RC"]
[PlyCount "43"]
[EventDate "2024.04.09"]
[EventType "swiss (blitz)"]
[TimeControl "60"]

1. d4 Nf6 2. c4 g6 3. Nc3 Bg7 4. e4 d6 5. h3 O-O 6. Be3 c5 7. d5 Qa5 8. Bd2 Na6 9. Nf3 e6 10. Be2 exd5 11. cxd5 Nc7 12. Na4 Nxe4 13. Bxa5 b6 14. Qc2 bxa5 15. Qxe4 Re8 16. Qf4 Ba6 17. O-O-O Bxe2 18. Qxd6 Na6 19. Ng5 h6 20. Nxf7 Kxf7 21. Rhe1 Rf8 22. Qe6# {[%emt 0:00:02] (Lag: Av=0.05s, max=0.1s)} 1-0

[Event "5"]
[Site "Emanuel Lasker Arena"]
[Date "2024.04.09"]
[Round "2"]
[White "Roberta Draper"]
[Black "Girlfriend Chess"]
[Result "1-0"]
[WhiteElo "1620"]
[BlackElo "1753"]
[Annotator "NA RC"]
[PlyCount "29"]
[EventDate "2024.04.09"]
[EventType "swiss (blitz)"]
[TimeControl "60"]

1. e4 e5 2. Nf3 Nc6 3. Bb5 a6 4. Ba4 d6 5. Bxc6+ bxc6 6. d4 exd4 7. Nxd4 c5 8. Ne2 Qh4 9. Qd5 Rb8 10. Qc6+ Bd7 11. Qxc7 Rb5 12. Nbc3 Rb4 13. Bf4 Rxb2 14. O-O-O Ke7 15. Qxd6+ {[%emt 0:00:03] Girlfriend Chess resigns (Lag: Av=0.07s, max=0.4s)} 1-0

[Event "5"]
[Site "Emanuel Lasker Arena"]
[Date "2024.04.09"]
[Round "2"]
[White "Triskaidekaphobe"]
[Black "MikhailBerg"]
[Result "0-1"]
[WhiteElo "1620"]
[BlackElo "2094"]
[Annotator "RC"]
[PlyCount "68"]
[EventDate "2024.04.09"]
[EventType "swiss (blitz)"]
[TimeControl "60"]

1. d4 Nf6 2. c4 e5 3. dxe5 Ng4 4. Bf4 g5 5. Bg3 Bg7 6. Nf3 Nc6 7. h4 Ngxe5 8. Nxe5 Nxe5 9. Nc3 g4 10. b3 Nf3+ 11. exf3 Bxc3+ 12. Ke2 d5 13. cxd5 gxf3+ 14. gxf3 Bf5 15. Bg2 O-O 16. Kf1 Bxa1 17. Qxa1 Qxd5 18. Bxc7 Rfe8 19. Kg1 Qd2 20. Qf6 Re6 21. Qxf5 Qc1+ 22. Kh2 Qxc7+ 23. f4 Qc3 24. Rg1 Re1 25. Bd5+ Rxg1 26. Qxf7+ Kh8 27. Kxg1 Qf6 28. Qxb7 Rf8 29. Kf1 Qd4 30. Be4 Qd1+ 31. Kg2 Rg8+ 32. Kh2 Qg1+ 33. Kh3 Qg4+ 34. Kh2 Qxh4# {[%emt 0:00:00] (Lag: Av=0.05s, max=0.1s)} 0-1

[Event "5"]
[Site "Emanuel Lasker Arena"]
[Date "2024.04.09"]
[Round "3"]
[White "Einpassant"]
[Black "CheckMaid"]
[Result "1-0"]
[WhiteElo "1620"]
[BlackElo "1645"]
[Annotator "NA RC"]
[PlyCount "35"]
[EventDate "2024.04.09"]
[EventType "swiss (blitz)"]
[TimeControl "60"]

1. d4 f5 2. Nc3 Nf6 3. Bg5 d5 4. Bxf6 gxf6 5. e4 h5 6. exd5 e5 7. dxe6 Bxe6 8. Qf3 Qxd4 9. Qxb7 Bb4 10. Nge2 Bxc3+ 11. Nxc3 h4 12. Rd1 Bd5 13. Qc8+ Ke7 14. Qxc7+ Ke6 15. Rxd4 Rd8 16. Bc4 f4 17. Nxd5 Nd7 18. Ne3+ {[%emt 0:00:02] CheckMaid resigns (Lag: Av=0.05s, max=0.1s)} 1-0

[Event "5"]
[Site "Emanuel Lasker Arena"]
[Date "2024.04.09"]
[Round "3"]
[White "Sauerbruch"]
[Black "Botwinzig"]
[Result "0-1"]
[WhiteElo "1620"]
[BlackElo "1810"]
[Annotator "NA RC"]
[PlyCount "38"]
[EventDate "2024.04.09"]
[EventType "swiss (blitz)"]
[TimeControl "60"]

1. e4 e5 2. Nf3 Nc6 3. Bb5 a6 4. Ba4 d6 5. d4 b5 6. Bb3 Nxd4 7. Nxd4 exd4 8. Qxd4 Nf6 9. Bg5 h6 10. Bd5 hxg5 11. Bxa8 c5 12. a4 cxd4 13. axb5 d3 14. Nc3 dxc2 15. e5 dxe5 16. Bc6+ Bd7 17. Bxd7+ Qxd7 18. bxa6 Ba3 19. Rxa3 c1=Q+ {[%emt 0:00:02] Sauerbruch resigns (Lag: Av=0.06s, max=0.3s)} 0-1

[Event "5"]
[Site "Emanuel Lasker Arena"]
[Date "2024.04.09"]
[Round "5"]
[White "CarlsenVomFach"]
[Black "Einpassant"]
[Result "0-1"]
[WhiteElo "2230"]
[BlackElo "1620"]
[Annotator "RC"]
[PlyCount "60"]
[EventDate "2024.04.09"]
[EventType "swiss (blitz)"]
[TimeControl "60"]

1. d4 Nf6 2. c4 e6 3. Nc3 Bb4 4. Qc2 O-O 5. a3 Bxc3+ 6. Qxc3 d5 7. Nf3 dxc4 8. Qxc4 b6 9. Bg5 Ba6 10. Qa4 c5 11. dxc5 bxc5 12. Rc1 Qb6 13. Bxf6 gxf6 14. Rc2 Rd8 15. Qg4+ Kh8 16. Qh5 Rd5 17. Qxf7 Nd7 18. e4 Bxf1 19. Rxf1 Rd3 20. Ke2 Rf8 21. Qe7 Qb5 22. a4 Qa6 23. Rfc1 Rd4+ 24. Ke1 Rxe4+ 25. Kd2 Qe2+ 26. Kc3 Rc4+ 27. Kb3 Rb8+ 28. Ka3 Qd3+ 29. Rc3 Rxa4+ 30. Kxa4 Qa6# {[%emt 0:00:01] (Lag: Av=0.06s, max=0.4s)} 0-1

[Event "5"]
[Site "Emanuel Lasker Arena"]
[Date "2024.04.09"]
[Round "5"]
[White "Alicia"]
[Black "Sauerbruch"]
[Result "1-0"]
[WhiteElo "2226"]
[BlackElo "1620"]
[Annotator "RC"]
[PlyCount "51"]
[EventDate "2024.04.09"]
[EventType "swiss (blitz)"]
[TimeControl "60"]

1. e4 e5 2. Nf3 Nc6 3. Bb5 a6 4. Ba4 Nf6 5. O-O Be7 6. Re1 b5 7. Bb3 O-O 8. c3 d5 9. exd5 Nxd5 10. Nxe5 Nxe5 11. Rxe5 c6 12. d4 Bd6 13. Re2 Qh4 14. g3 Qh3 15. Nd2 Bf5 16. Ne4 Bg4 17. Nxd6 Qh5 18. f3 Nf4 19. fxg4 Nh3+ 20. Kg2 Qxg4 21. Qd3 h5 22. Qe4 h4 23. Qxg4 hxg3 24. Qxh3 gxh2 25. Kxh2 b4 26. Qd7 {[%emt 0:00:02] Sauerbruch resigns (Lag: Av=0.09s, max=1.1s)} 1-0

[Event "5"]
[Site "Emanuel Lasker Arena"]
[Date "2024.04.09"]
[Round "5"]
[White "Swindler"]
[Black "PinPointPro"]
[Result "1-0"]
[WhiteElo "2226"]
[BlackElo "1984"]
[Annotator "RC"]
[PlyCount "87"]
[EventDate "2024.04.09"]
[EventType "swiss (blitz)"]
[TimeControl "60"]

1. e4 e5 2. Nf3 Nc6 3. Bb5 a6 4. Ba4 Nf6 5. O-O Be7 6. Re1 b5 7. Bb3 O-O 8. c3 d6 9. d4 Bg4 10. d5 Na5 11. Bc2 Qc8 12. Nbd2 c6 13. h3 Bd7 14. b4 Nb7 15. dxc6 Qxc6 16. Ba3 Qxc3 17. Bb3 Rac8 18. Rc1 Qd3 19. g4 Be6 20. g5 Rxc1 21. Bxc1 Nh5 22. g6 Nf4 23. gxf7+ Bxf7 24. Re3 Nxh3+ 25. Kg2 Nf4+ 26. Kg3 Nh5+ 27. Kg4 Nf6+ 28. Kg3 Bc4 29. Rxd3 Bxb3 30. Qxb3+ d5 31. Rxd5 Kh8 32. Rxe5 Bd6 33. Qb2 Nh5+ 34. Kh2 Nd8 35. Nc4 bxc4 36. Qd4 Bxb4 37. Rxh5 c3 38. Ng5 Kg8 39. Qd5+ Nf7 40. Nxf7 Rxf7 41. Rf5 Be7 42. Qxf7+ Kh8 43. Qe8+ Bf8 44. Rxf8# {[%emt 0:00:00] (Lag: Av=0.11s, max=1.2s)} 1-0

[Event "5"]
[Site "Emanuel Lasker Arena"]
[Date "2024.04.09"]
[Round "5"]
[White "Chartwell"]
[Black "CheckMaid"]
[Result "0-1"]
[WhiteElo "2149"]
[BlackElo "1645"]
[Annotator "RC"]
[PlyCount "72"]
[EventDate "2024.04.09"]
[EventType "swiss (blitz)"]
[TimeControl "60"]

1. d4 Nf6 2. c4 g6 3. Nc3 Bg7 4. e4 d6 5. h3 O-O 6. Be3 e5 7. d5 a5 8. g4 a4 9. Bg2 c6 10. Nge2 h5 11. g5 b5 12. dxc6 b4 13. gxf6 Bxf6 14. Nb5 Nxc6 15. Nxd6 Nd4 16. c5 Be6 17. Bh6 b3 18. Nxd4 exd4 19. e5 Bxe5 20. O-O bxa2 21. Bxa8 Qxa8 22. Bxf8 a3 23. b4 Bxh3 24. f3 Bxf1 25. Qxf1 Qd5 26. Qf2 d3 27. Bg7 Bxd6 28. cxd6 Kxg7 29. Rxa2 Qxd6 30. b5 Qf4 31. b6 h4 32. b7 h3 33. Rxa3 d2 34. Kh1 d1=Q+ 35. Qg1 Qg5 36. Qxd1 Qg2# {[%emt 0:00:01] (Lag: Av=0.07s, max=0.9s)} 0-1

[Event "5"]
[Site "Emanuel Lasker Arena"]
[Date "2024.04.09"]
[Round "5"]
[White "Toby Ziegler"]
[Black "Roberta Draper"]
[Result "0-1"]
[WhiteElo "2064"]
[BlackElo "1620"]
[Annotator "RC"]
[PlyCount "72"]
[EventDate "2024.04.09"]
[EventType "swiss (blitz)"]
[TimeControl "60"]

1. d4 f5 2. g3 Nf6 3. c4 e6 4. Nf3 d5 5. Bg2 c6 6. Nbd2 Bd6 7. O-O O-O 8. b3 b6 9. Bb2 Nbd7 10. Ne5 Bb7 11. Qc2 Qe7 12. Ndf3 Rac8 13. Rfd1 Rfd8 14. Ng5 Rf8 15. e3 Ne4 16. Ngf3 h5 17. Ng6 Qf6 18. Qc3 Nxc3 19. Nxf8 Ne2+ 20. Kf1 Nxg3+ 21. hxg3 Rxf8 22. a4 g5 23. a5 h4 24. a6 Ba8 25. gxh4 gxh4 26. Bh3 c5 27. dxc5 Qxb2 28. cxd6 dxc4 29. Ng5 Qf6 30. f4 cxb3 31. Rac1 Nc5 32. d7 Nxa6 33. Rc7 Nxc7 34. d8=B Rxd8 35. Rc1 Qb2 36. Rxc7 Rd1# {[%emt 0:00:00] (Lag: Av=0.07s, max=0.5s)} 0-1

[Event "5"]
[Site "Emanuel Lasker Arena"]
[Date "2024.04.09"]
[Round "5"]
[White "Antonella"]
[Black "Triskaidekaphobe"]
[Result "1/2-1/2"]
[WhiteElo "2040"]
[BlackElo "1620"]
[Annotator "RC"]
[PlyCount "103"]
[EventDate "2024.04.09"]
[EventType "swiss (blitz)"]
[TimeControl "60"]

1. e4 c5 2. Nf3 d6 3. d4 cxd4 4. Nxd4 Nf6 5. Nc3 g6 6. Be3 Bg7 7. f3 Nc6 8. Qd2 O-O 9. Bc4 Bd7 10. O-O-O Rc8 11. Bb3 Nxd4 12. Bxd4 b5 13. Nd5 Nxd5 14. Bxg7 Kxg7 15. exd5 a5 16. a3 b4 17. axb4 axb4 18. Qxb4 Kg8 19. Rhe1 Rb8 20. Qd4 Bb5 21. Kb1 h5 22. Qf4 Ra8 23. c4 Ba4 24. Bxa4 Rxa4 25. Re2 Qc7 26. Rde1 Rxc4 27. Rxe7 Qxe7 28. Rxe7 Rxf4 29. Rd7 Rh4 30. h3 Re8 31. Rxd6 Rd4 32. Kc2 Kh7 33. Kc3 Rd1 34. Rd7 Kh6 35. d6 Re3+ 36. Kc4 Re2 37. g4 Rxb2 38. Rd8 Kg5 39. d7 Kh4 40. gxh5 gxh5 41. Kc5 Rc2+ 42. Kb4 Rc8 43. dxc8=Q Rb1+ 44. Ka4 Ra1+ 45. Kb5 Rb1+ 46. Ka6 Ra1+ 47. Kb6 Rb1+ 48. Ka7 Ra1+ 49. Kb7 Rb1+ 50. Ka7 Ra1+ 51. Kb7 Rb1+ 52. Ka7 {[%emt 0:00:00] (Lag: Av=0.09s, max=1.4s)} 1/2-1/2

[Event "5"]
[Site "Emanuel Lasker Arena"]
[Date "2024.04.09"]
[Round "5"]
[White "NicholasRenzi"]
[Black "Stratospheric"]
[Result "0-1"]
[WhiteElo "2016"]
[BlackElo "1620"]
[Annotator "RC"]
[PlyCount "60"]
[EventDate "2024.04.09"]
[EventType "swiss (blitz)"]
[TimeControl "60"]

1. c4 c5 2. g3 g6 3. Bg2 Bg7 4. Nc3 Nc6 5. a3 e6 6. Rb1 Nge7 7. Nf3 d5 8. b4 b5 9. Ng5 bxc4 10. bxc5 O-O 11. O-O Nf5 12. Qa4 Nfd4 13. d3 Qa5 14. e4 Qxc3 15. exd5 Qxd3 16. d6 Bd7 17. Rb8 Raxb8 18. Rd1 Qb3 19. Nxe6 Qxa4 20. Rxd4 Nxd4 21. Nxd4 Bxd4 22. Bd5 Bxc5 23. Be4 Qd1+ 24. Kg2 Qxc1 25. a4 Qe1 26. a5 Qxe4+ 27. f3 c3 28. fxe4 Rb2+ 29. Kh1 Bc6 30. h4 Bxe4# {[%emt 0:00:01] (Lag: Av=0.05s, max=0.2s)} 0-1

[Event "5"]
[Site "Emanuel Lasker Arena"]
[Date "2024.04.09"]
[Round "5"]
[White "Local Hero"]
[Black "Botwinzig"]
[Result "1/2-1/2"]
[WhiteElo "1983"]
[BlackElo "1810"]
[Annotator "RC"]
[PlyCount "110"]
[EventDate "2024.04.09"]
[EventType "swiss (blitz)"]
[TimeControl "60"]

1. d4 d5 2. c4 e6 3. Nc3 c5 4. e3 Nf6 5. Nf3 Nc6 6. cxd5 exd5 7. Bb5 cxd4 8. exd4 Bd6 9. O-O O-O 10. Bg5 Be6 11. Re1 h6 12. b4 hxg5 13. Nxg5 Bxb4 14. Qb3 Nh7 15. Nxe6 fxe6 16. Rxe6 Nxd4 17. Qxb4 Nxe6 18. Re1 Qb6 19. Nxd5 Qxf2+ 20. Kh1 Qxa2 21. Bc4 Qc2 22. Nc7 a5 23. Bxe6+ Kh8 24. Qxb7 Rfb8 25. Qxa8 Rxa8 26. Nxa8 Qc7 27. Nxc7 Nf6 28. Rd1 g5 29. Bc4 Kh7 30. Rd7+ Nxd7 31. Bb5 Nc5 32. Bc4 a4 33. Nb5 Kg7 34. Na3 Nb3 35. Bb5 Nc5 36. g3 Kf6 37. Kg2 Ke5 38. h4 gxh4 39. gxh4 Kd4 40. h5 Ne4 41. Bc6 Nf6 42. h6 Kc3 43. Bf3 Kb4 44. Be4 Nxe4 45. h7 Kxa3 46. h8=Q Kb3 47. Kf3 Nd2+ 48. Kf2 Ka2 49. Qe5 Nc4 50. Qd5 Kb3 51. Qb5+ Kc3 52. Qxa4 Kd3 53. Qc6 Kd4 54. Qc8 Nd6 55. Qf5 Nxf5 {[%emt 0:00:00] (Lag: Av=0.08s, max=1.6s)} 1/2-1/2

[Event "5"]
[Site "Emanuel Lasker Arena"]
[Date "2024.04.09"]
[Round "5"]
[White "RCFlyer"]
[Black "Sunset"]
[Result "0-1"]
[WhiteElo "1977"]
[BlackElo "1878"]
[Annotator "RC"]
[PlyCount "54"]
[EventDate "2024.04.09"]
[EventType "swiss (blitz)"]
[TimeControl "60"]

1. e4 e5 2. Nf3 Nc6 3. Bb5 a6 4. Ba4 Nf6 5. O-O Be7 6. Re1 b5 7. Bb3 O-O 8. c3 d6 9. d4 Bg4 10. Be3 exd4 11. Bxd4 Nxd4 12. cxd4 c5 13. Nc3 c4 14. Ne5 b4 15. Nxg4 bxc3 16. Nxf6+ Bxf6 17. Bxc4 cxb2 18. Rb1 Qb6 19. Re3 Qxd4 20. Qxd4 Bxd4 21. Rd3 Bf6 22. Rxd6 Rfc8 23. Ra1 bxa1=Q+ 24. Bf1 Rc2 25. Rd8+ Rxd8 26. e5 Qxf1+ 27. Kxf1 Rdd2 {[%emt 0:00:01] RCFlyer resigns (Lag: Av=0.11s, max=1.6s)} 0-1

[Event "5"]
[Site "Emanuel Lasker Arena"]
[Date "2024.04.09"]
[Round "5"]
[White "Zimtowitch"]
[Black "Melancholia"]
[Result "1-0"]
[WhiteElo "1896"]
[BlackElo "1620"]
[Annotator "NA RC"]
[PlyCount "49"]
[EventDate "2024.04.09"]
[EventType "swiss (blitz)"]
[TimeControl "60"]

1. d4 Nf6 2. c4 g6 3. Nc3 Bg7 4. e4 d6 5. Nf3 O-O 6. Be2 e5 7. O-O Nc6 8. d5 Nb8 9. Bd3 Bd7 10. c5 dxc5 11. Nxe5 Nxd5 12. Nxd7 Nxc3 13. bxc3 Nxd7 14. Rb1 Re8 15. Rxb7 Bxc3 16. Qa4 Ne5 17. Be2 Qd6 18. Bf4 a6 19. Bc4 Qf6 20. Bh6 Nxc4 21. Qxc4 Qe5 22. Bd2 Bxd2 23. Rd1 c6 24. Qxf7+ Kh8 25. Qxh7# {[%emt 0:00:01] (Lag: Av=0.11s, max=1.4s)} 1-0

[Event "5"]
[Site "Emanuel Lasker Arena"]
[Date "2024.04.09"]
[Round "5"]
[White "LiliBeth"]
[Black "Karpovs Shadow"]
[Result "0-1"]
[WhiteElo "1855"]
[BlackElo "1620"]
[Annotator "NA RC"]
[PlyCount "66"]
[EventDate "2024.04.09"]
[EventType "swiss (blitz)"]
[TimeControl "60"]

1. d4 d5 2. c4 e6 3. Nc3 Nf6 4. cxd5 exd5 5. Bg5 Be7 6. e3 O-O 7. Nf3 Re8 8. Bd3 Nbd7 9. O-O c6 10. Bh4 h6 11. Qc2 Ne4 12. Bxe7 Qxe7 13. Bxe4 dxe4 14. Ne5 Nxe5 15. dxe5 Qxe5 16. b4 Be6 17. Nxe4 Bf5 18. h4 Bxe4 19. Qc4 b5 20. f4 Qb2 21. Rf2 Qxa1+ 22. Qf1 Qc3 23. a4 bxa4 24. Qd1 a5 25. Qxa4 axb4 26. Qxa8 Rxa8 27. f5 Qxe3 28. h5 Ra2 29. Kh2 Qxf2 30. Kh3 Bxf5+ 31. g4 Qe3+ 32. Kh4 Rg2 33. gxf5 Qg3# {[%emt 0:00:01] (Lag: Av=0.08s, max=1.0s)} 0-1

[Event "5"]
[Site "Emanuel Lasker Arena"]
[Date "2024.04.09"]
[Round "5"]
[White "Girlfriend Chess"]
[Black "Endspielexperte"]
[Result "1-0"]
[WhiteElo "1753"]
[BlackElo "1620"]
[Annotator "NA RC"]
[PlyCount "33"]
[EventDate "2024.04.09"]
[EventType "swiss (blitz)"]
[TimeControl "60"]

1. c4 c5 2. Nf3 Nf6 3. g3 d5 4. Bg2 Nc6 5. O-O d4 6. d3 e5 7. e3 Be7 8. e4 O-O 9. a4 Qb6 10. a5 Nxe4 11. axb6 Nd6 12. Ng5 a5 13. b4 Nxb4 14. Qh5 Bxg5 15. Bxg5 f6 16. Be3 dxe3 17. fxe3 {[%emt 0:00:01] Endspielexperte resigns (Lag: Av=0.08s, max=0.6s)} 1-0